AoeStats
← Buco

African Clearing

505903745Analyzed
4v4 RM · 21d ago on Sep 11, 2026· 39m 45s· 8 players
Game mode
Random Map
Map size
Large (8 player)
Population
200
Speed
Normal
Resources
Standard
Victory
Conquest
Starting age
Dark Age
Ending age
Imperial Age
RankedLock teamsTeams togetherTeam positionsShared explorationLock speedFull tech treeHidden civsTurbo modeCheats
Victory
Defeat
🇭🇺 Burmese · Hungary
1246
+17
1233
+18
🇵🇪 Mongols · Peru
1232
+18
🇸🇮 Turks · Slovenia
1222
+18
🇩🇪 Koreans · Germany
1296
-20
🇩🇪 Spanish · Germany
1288
-18
🇩🇪 Huns · Germany
1270
-18
🇩🇪 Mapuche · Germany
1216
-15
Buco
5:11 Loom
13:56 Feudal Age
19:47 Castle Age
19:54 Wheelbarrow
19:06 Double-Bit Axe
19:02 Horse Collar
21:07 Bow Saw
23:29 Stone Mining
27:39 Forging
27:45 Heavy Plow
29:56 Iron Casting
29:28 Husbandry
29:36 Scale Barding Armor
30:25 Gold Mining
31:02 Hand Cart
31:30 Bloodlines
32:26 Chain Barding Armor
36:16 Imperial Age
36:54 Gold Shaft Mining
38:06 Blast Furnace
36:53 Heavy Camel Rider
38:41 Conscription
Leto_DavE
4:26 Loom
13:37 Feudal Age
13:43 Man-at-Arms
21:17 Castle Age
20:09 Stone Mining
21:58 Fletching
21:34 Pikeman
26:20 Wheelbarrow
27:06 Husbandry
29:26 Padded Archer Armor
36:26 Gold Mining
36:54 Squires
38:11 Manipur Cavalry
39:30 Hand Cart
38:57 Horse Collar
Мордочка в кефире
12:19 Feudal Age
12:21 Loom
16:22 Castle Age
18:09 Fletching
24:53 Horse Collar
27:27 Bodkin Arrow
33:03 Eupseong
34:18 Double-Bit Axe
36:52 Ballistics
Comend x comend
9:07 Loom
9:27 Loom
12:03 Feudal Age
10:23 Loom
12:09 Feudal Age
13:38 Double-Bit Axe
16:55 Castle Age
25:32 Bloodlines
25:22 Husbandry
30:05 Horse Collar
30:51 Town Watch
32:12 Wheelbarrow
37:45 Bow Saw
37:38 Heavy Plow
38:18 Gold Mining
39:34 Gold Shaft Mining
40:20 Hand Cart
Gaindalf der Wheyße
6:36 Loom
13:52 Feudal Age
14:11 Champi Runner
17:05 Forging
26:52 Castle Age
25:44 Double-Bit Axe
26:30 Gold Mining
26:23 Horse Collar
30:21 Iron Casting
36:51 Bow Saw
37:47 Fletching
37:57 Padded Archer Armor
39:36 Gold Shaft Mining
39:02 Heavy Plow
40:34 Wheelbarrow
Pfnatsch
10:08 Loom
12:17 Feudal Age
17:32 Bloodlines
17:34 Forging
23:05 Castle Age
22:01 Scale Barding Armor
23:25 Fletching
24:32 Double-Bit Axe
24:32 Horse Collar
25:36 Wheelbarrow
25:24 Gold Mining
27:06 Hand Cart
27:30 Husbandry
29:15 Heavy Plow
30:46 Iron Casting
34:16 Chain Barding Armor
37:44 Bow Saw
42:35 Imperial Age
big ritard pleyer
11:27 Loom
14:05 Feudal Age
16:16 Fletching
27:55 Castle Age
27:31 Stone Mining
27:31 Gold Mining
29:07 Crossbowman
Spirit
13:14 Feudal Age
11:55 Loom
15:19 Bloodlines
17:18 Forging
21:39 Fletching
34:07 Castle Age
37:48 Castle Age
38:51 Double-Bit Axe
Connection lost

Rejoining the realm…

Still unreachable

The connection could not be restored.

Session expired

The server has moved on; the page needs a fresh start.